 Dungeon Crawl Stone Soup version 0.25-a0-435-g4b9beb1024 (webtiles) character file.

Game seed: 10573130895013034282, levelgen mode: classic

38896 EnegeticOcto the Severer (level 13, -2/117 HPs)
             Began as a Minotaur Fighter on Jan 27, 2020.
             Was an Initiate of Gozag.
             Slain by an anaconda (4 damage)
             ... on level 1 of the Snake Pit.
             The game lasted 00:11:43 (18405 turns).

EnegeticOcto the Severer (Minotaur Fighter)        Turns: 18405, Time: 00:11:44

Health: -2/117     AC: 25    Str: 31    XL:     13   Next: 66%
Magic:  16/16      EV: 13    Int:  7    God:    Gozag
Gold:   1151       SH: 20    Dex: 15    Spells: 12/12 levels left

rFire    + . .     SeeInvis +   I - +5 broad axe of Ilub {elec, rF+ MR+}
rCold    . . .     Gourm    .   A - +0 large shield
rNeg     . . .     Faith    .   N - +4 plate armour {rPois}
rPois    +         Spirit   .   (helmet restricted)
rElec    .         Reflect  .   n - +1 cloak {+Inv}
rCorr    .         Harm     .   (no gloves)
MR       +....                  z - +2 pair of boots
Stlth    ..........             E - amulet of the acrobat
HPRegen  0.29/turn              x - ring of poison resistance
MPRegen  0.15/turn              b - ring of see invisible

@: mighty, agile, gold aura, very slightly contaminated, hasted and slowed,
constricted, invisible
A: retaliatory headbutt, fangs 1, horns 2, clever 1
a: Potion Petition, Call Merchant, Bribe Branch, Renounce Religion


You were on level 1 of the Snake Pit.
You worshipped Gozag.
Gozag was most pleased with you.
You were full.

You visited 4 branches of the dungeon, and saw 19 of its levels.
You also visited: Ice Cave.

You collected 3923 gold pieces.
You spent 835 gold pieces at shops.
You paid 1937 gold pieces to Gozag.

Inventory:

Hand Weapons
 a - a +0 war axe
 y - a +6 battleaxe
 I - the +5 broad axe of Ilub (weapon) {elec, rF+ MR+}
   (You acquired it on level 12 of the Dungeon)

   Occasionally, upon striking a foe, it will discharge some electrical energy
   and cause terrible harm.
   It protects you from fire.
   It affects your resistance to hostile enchantments.
Missiles
 k - a throwing net (quivered)
Armour
 m - a scarf of repulsion
 n - a +1 cloak of invisibility (worn)
 z - a +2 pair of boots (worn)
 A - a +0 large shield (worn)
 N - a +4 plate armour of poison resistance (worn)
Jewellery
 b - a ring of see invisible (right hand)
 x - a ring of poison resistance (left hand)
 E - an amulet of the acrobat (around neck)
Wands
 c - a wand of clouds (5)
 f - a wand of paralysis (2)
 q - a wand of digging (15)
 C - a wand of flame (51)
 D - a wand of enslavement (9)
 F - a wand of iceblast (6)
 J - a wand of polymorph (9)
 L - a wand of disintegration (8)
 P - a wand of acid (10)
Scrolls
 g - 3 scrolls of immolation
 h - 4 scrolls of fog
 r - 4 scrolls of remove curse {@r2}
 u - 5 scrolls of teleportation {@r3}
 w - 2 scrolls of fear
 K - a scroll of enchant armour
 Q - a scroll of blinking {@r4}
Potions
 d - 2 potions of might {@q3}
 i - 2 potions of resistance
 j - 3 potions of cancellation
 o - a potion of magic
 p - 6 potions of flight
 s - 5 potions of agility {@q5}
 t - 3 potions of curing {@q1}
 v - 4 potions of lignification {@q6}
 B - 4 potions of brilliance
 G - 2 potions of ambrosia
 H - a potion of mutation
 M - a potion of haste {@q4}
Comestibles
 e - 28 rations


   Skills:
 + Level 11.8 Fighting
 * Level 15.4 Axes
 + Level 11.8 Armour
 + Level 10.4 Dodging
 + Level 11.1 Shields
 + Level 6.0 Evocations


You had 12 spell levels left.
You didn't know any spells.
Your spell library was empty.

Dungeon Overview and Level Annotations

Branches:
Dungeon (12/15)            Temple (1/1) D:5            Lair (5/6) D:10
  Swamp (0/4) Lair:4        Snake (1/4) Lair:2          Orc (0/2) D:11
  IceCv (visited)
  Slime: Lair:5-6

Altars:
Ashenzari
Cheibriados
Dithmenos
Elyvilon
Fedhas
Gozag
Hepliaklqana
Kikubaaqudgha
Makhleb
Nemelex Xobeh
Okawaru
Qazlal
Ru
Sif Muna
Trog
Uskayaw
Vehumet
Wu Jian
Yredelemnul
Zin
The Shining One
Beogh

Shops:
D:7 %(}   D:8 *   D:9 (   D:11 :   Lair:3 *[


Innate Abilities, Weirdness & Mutations

You reflexively headbutt those who attack you in melee.
You have a pair of horns on your head.
You have very sharp teeth.
Your mind is acute. (Int +2)


Message History

The naga ritualist is almost dead.
You slash the black mamba!
Lightning courses through the black mamba!!
You miss the black mamba.
The black mamba is no longer distracted by gold.
You closely miss the naga ritualist.
You feel sick.
You hear an angry hiss.
You hear a shout!
The anaconda is no longer distracted by gold.
You block the black mamba's attack. The black mamba bites you.
* * * LOW HITPOINT WARNING * * *
You are lethally poisoned!
The black mamba poisons you! The anaconda grabs you.
You block the anaconda's attack.
* * * LOW HITPOINT WARNING * * *
The anaconda constricts you.
The black mamba becomes distracted by the nearby gold, dreaming of imaginary riches.
The black mamba misses you. You furiously retaliate!
You headbutt the black mamba!
The naga ritualist gestures at you while chanting.
The lance of force hits you!
* * * LOW HITPOINT WARNING * * *
The anaconda loses its grip on you.
You are knocked back by the lance of force.
The black mamba hisses angrily.
* * * LOW HITPOINT WARNING * * *
You feel very sick.
The black mamba is no longer distracted by gold.
The naga ritualist points at you and mumbles some strange words.
You resist with almost no effort.
The naga ritualist becomes distracted by the nearby gold, dreaming of imaginary riches.
The naga completely misses you. You block the naga ritualist's attack.
The naga ritualist misses you.
The naga ritualist shouts!
Okay, then.
You feel better.
The naga mage is no longer distracted by gold.
The mana viper is no longer distracted by gold.
You block the anaconda's attack. x2; The black mamba misses you.
You furiously retaliate!
You headbutt the black mamba!!
You kill the black mamba!
A naga comes into view. It is wielding a +0 scimitar.
The anaconda grabs you. You block the anaconda's attack.
The anaconda constricts you.
The black mamba becomes distracted by the nearby gold, dreaming of imaginary riches.
The naga becomes distracted by the nearby gold, dreaming of imaginary riches.
The naga ritualist hits you but does no damage.
The black mamba hisses angrily. [a] - 462 gold - invisibility, agility and haste [b] - 462 gold - haste, brilliance, agility and flight [c] - 360 gold - invisibility and agility Purchase which effect?
You no longer have enough gold to fund merchants seeking to open stores in the dungeon.
You fade into invisibility!
You feel more agile all of a sudden.
You feel yourself speed up.
The naga shouts! x2
The anaconda closely misses you.
* * * LOW HITPOINT WARNING * * *
The anaconda constricts you. The anaconda closely misses you.
* * * LOW HITPOINT WARNING * * *
The anaconda constricts you. The naga mage misses you.
The mana viper becomes distracted by the nearby gold, dreaming of imaginary riches.
The naga ritualist points at you and mumbles some strange words.
You resist with almost no effort.
The anaconda bites you but does no damage.
* * * LOW HITPOINT WARNING * * *
The anaconda constricts you.
The naga mage becomes distracted by the nearby gold, dreaming of imaginary riches.
The naga ritualist spits poison at you. You block the splash of poison.
The naga mage shouts!
The mana viper hisses angrily.
You are very lightly contaminated with residual magic.
Okay, then.
Okay, then.
You slice the naga ritualist!! Your bite misses the naga ritualist.
The naga ritualist is moderately wounded.
You slash the mana viper!
Lightning courses through the mana viper!!
The mana viper is no longer distracted by gold.
You slice the black mamba!!
You kill the black mamba!
You barely miss the anaconda.
You hear an angry hiss.
You block the anaconda's attack.
* * * LOW HITPOINT WARNING * * *
The anaconda constricts you.
The mana viper bites you but does no damage.
The anaconda becomes distracted by the nearby gold, dreaming of imaginary riches.
The anaconda constricts you.
Your shield and plate armour prevent you from hitting the naga ritualist.
The anaconda hisses angrily.
You headbutt the naga ritualist!
The naga ritualist is severely wounded.
You strike the helpless anaconda from behind!
You slice the anaconda!!
The anaconda is no longer distracted by gold.
You closely miss the mana viper.
The naga ritualist is no longer distracted by gold.
The anaconda barely misses you.
You die...
Your body crumbles into a pile of gold.

##..............
..#................
................(..
...................
...................
...................
...N....$$N........
........$SN$.......
.......S@N$N$......
.........$.$$......
..................$
...................
............%......
..>.....?..........
...................
...............#...


You could see an anaconda, 2 naga ritualists, a mana viper, a naga mage and 2
nagas.

Vanquished Creatures
  Gastronok (D:12)
  A hydra (Lair:4)
  3 two-headed ogres
  A catoblepas (Lair:4)
  5 anacondas
  A shock serpent (Snake:1)
  Nergalle (Lair:4)
  2 unseen horrors (D:12)
  A cyclops (D:12)
  2 manticores
  An ugly thing (D:11)
  10 black mambas
  A guardian serpent (Snake:1)
  A centaur skeleton (D:11)
  4 komodo dragons
  7 spiny frogs
  3 rime drakes
  2 polar bears
  A hornet (D:12)
  Prince Ribbit (D:6)
  2 trolls
  6 blink frogs
  10 hippogriffs
  33 yaks
  A vampire (D:12)
  2 wyverns
  A steam dragon (D:8)
  A hungry ghost (D:12)
  Grum (Lair:1)
  5 vampire mosquitoes (Lair:4)
  A soldier ant (D:11)
  3 wargs
  7 water moccasins
  11 porcupines
  8 orc warriors
  An eye of draining (D:11)
  2 sky beasts
  2 phantoms
  3 ice beasts
  A black bear (D:7)
  5 ogres
  2 centaurs
  6 wolves
  16 crocodiles
  2 big kobolds (D:11)
  Blork the orc (D:4)
  11 bullfrogs
  A wyvern zombie (D:11)
  A water moccasin skeleton (D:10)
  2 scorpions
  5 killer bees (D:11)
  7 wights (D:9)
  A howler monkey (D:4)
  2 bullfrog zombies (D:8)
  7 crimson imps
  6 hounds
  A bullfrog skeleton (D:11)
  6 orc wizards
  10 orc priests
  2 worker ants
  A hound zombie (D:8)
  A howler monkey zombie (D:5)
  15 adders
  6 shadow imps
  4 white imps (IceCv)
  6 ufetubi (IceCv)
  An ooze (D:1)
  An adder zombie (D:5)
  An adder skeleton (D:9)
  4 worms
  4 dart slugs
  7 leopard geckos
  51 orcs
  3 ball pythons
  7 bats
  3 giant cockroaches
  10 goblins
  8 hobgoblins
  6 jackals
  3 quokkas
  3 frilled lizards
  2 jackal skeletons
  16 kobolds
  A quokka zombie (D:5)
  7 rats
  2 fungi
  A plant (Lair:3)
418 creatures vanquished.

Vanquished Creatures (collateral kills)
  An adder skeleton (D:9)
1 creature vanquished.

Vanquished Creatures (others)
  4 white imps (IceCv)
  3 ufetubi (IceCv)
  A quokka (D:6)
  A plant (Lair:4)
9 creatures vanquished.

Grand Total: 428 creatures vanquished

Notes
Turn   | Place    | Note
-------+----------+-------------------------------------------
     0 | D:1      | EnegeticOcto the Minotaur Fighter began the quest for the
                  | Orb.
     0 | D:1      | Reached XP level 1. HP: 19/19 MP: 0/0
    52 | D:1      | Reached XP level 2. HP: 27/27 MP: 1/1
   290 | D:1      | Reached skill level 3 in Axes
   360 | D:1      | Reached skill level 1 in Dodging
   360 | D:1      | Reached XP level 3. HP: 32/33 MP: 2/2
   882 | D:2      | Found a stormy altar of Qazlal.
   957 | D:2      | Reached XP level 4. HP: 40/40 MP: 3/3
  1141 | D:2      | Found a basalt altar of Yredelemnul.
  1219 | D:2      | Reached skill level 4 in Axes
  2096 | D:4      | Noticed a phantom
  2108 | D:4      | Killed a phantom
  2108 | D:4      | Reached XP level 5. HP: 27/47 MP: 4/4
  2265 | D:4      | Reached XP level 6. HP: 45/53 MP: 5/5
  2357 | D:4      | Noticed Blork the orc
  2358 | D:4      | Noticed an ice beast
  2362 | D:4      | Killed an ice beast
  2362 | D:4      | Reached skill level 5 in Axes
  2371 | D:4      | Killed Blork the orc
  2632 | D:4      | Reached skill level 5 in Fighting
  2655 | D:4      | Reached skill level 5 in Armour
  2747 | D:4      | Found a basalt altar of Yredelemnul.
  3096 | D:5      | Entered Level 5 of the Dungeon
  3102 | D:5      | Noticed a sky beast
  3110 | D:5      | Killed a sky beast
  3110 | D:5      | Reached skill level 5 in Shields
  3110 | D:5      | Reached XP level 7. HP: 61/61 MP: 6/6
  3275 | D:5      | Reached skill level 6 in Axes
  3790 | D:5      | Found a glowing silver altar of Zin.
  3846 | D:5      | Found a staircase to the Ecumenical Temple.
  3988 | Temple   | Entered the Ecumenical Temple
  4072 | Temple   | Became a worshipper of Gozag Ym Sagoz the Greedy
  4143 | D:5      | Gained mutation: Your mind is acute. (Int +2) [potion of
                  | mutation]
  4143 | D:5      | Gained mutation: You have very sharp teeth. [potion of
                  | mutation]
  4219 | D:6      | Noticed Prince Ribbit
  4550 | D:6      | Found a white marble altar of Elyvilon.
  4563 | D:6      | Killed Prince Ribbit
  4563 | D:6      | Reached XP level 8. HP: 41/70 MP: 7/7
  4862 | D:6      | Reached skill level 7 in Axes
  4978 | D:7      | Found Xitas's Food Emporium.
  5094 | D:7      | Found Ovvucego's Weapon Boutique.
  5502 | D:7      | Found Ekhlaos's Gadget Boutique.
  5728 | D:8      | Reached skill level 8 in Axes
  6035 | D:8      | Noticed a hippogriff
  6038 | D:8      | Reached skill level 5 in Dodging
  6046 | D:8      | Killed a hippogriff
  6046 | D:8      | Reached XP level 9. HP: 65/78 MP: 8/8
  6289 | D:8      | Found Onupic's General Store.
  6305 | D:8      | Bought 2 potions of heal wounds for 130 gold pieces
  6332 | D:8      | Reached skill level 9 in Axes
  7182 | D:9      | Found Wuoni's Antique Weapon Emporium.
  7253 | D:9      | Found an iron altar of Okawaru.
  7654 | D:10     | Entered Level 10 of the Dungeon
  7660 | D:10     | Found a staircase to the Lair.
  7960 | D:10     | Reached skill level 10 in Axes
  7976 | D:10     | Reached XP level 10. HP: 59/88 MP: 9/9
  8360 | D:10     | HP: 3/89 [troll (8)]
  8668 | D:10     | Reached skill level 11 in Axes
  9577 | D:11     | Noticed a manticore
  9579 | D:11     | Killed a manticore
  9776 | D:11     | Reached XP level 11. HP: 90/97 MP: 10/10
  9959 | D:11     | Found a roughly hewn altar of Beogh.
  9959 | D:11     | Found a staircase to the Orcish Mines.
  9981 | D:11     | Reached skill level 12 in Axes
 10302 | D:11     | Found Hiecepn's Book Shop.
 10468 | D:11     | Noticed a two-headed ogre
 10476 | D:11     | Killed a two-headed ogre
 10476 | D:11     | Reached skill level 1 in Evocations
 10578 | D:11     | Noticed a brown ugly thing
 10589 | D:11     | Killed a brown ugly thing
 11004 | D:12     | Noticed a two-headed ogre
 11008 | D:12     | Killed a two-headed ogre
 11126 | D:12     | Paralysed by a hornet for 2 turns
 11281 | D:12     | Noticed an unseen horror
 11286 | D:12     | Killed an unseen horror
 11363 | D:12     | Found a frozen archway.
 11373 | IceCv    | Entered an ice cave
 11608 | D:12     | Found a hide-covered altar of Uskayaw.
 11921 | D:12     | Noticed a two-headed ogre
 11927 | D:12     | Killed a two-headed ogre
 11927 | D:12     | Reached skill level 13 in Axes
 11927 | D:12     | Reached skill level 10 in Armour
 11987 | D:12     | Reached skill level 10 in Fighting
 12108 | D:12     | Identified a scroll of acquirement
 12108 | D:12     | Identified the +5 broad axe of Ilub {elec, rF+ MR+} (You
                  | acquired it on level 12 of the Dungeon)
 12108 | D:12     | Identified the +1 shield of Wu Jian's Wrath {rC+} (You
                  | acquired it on level 12 of the Dungeon)
 12131 | D:12     | Noticed Gastronok
 12143 | D:12     | Killed Gastronok
 12143 | D:12     | Reached XP level 12. HP: 76/106 MP: 13/13
 13146 | Lair:1   | Entered Level 1 of the Lair of Beasts
 13174 | Lair:1   | Noticed Grum
 13186 | Lair:1   | Killed Grum
 13985 | Lair:1   | Found the +8 whip "Snakebite" {curare, rPois}
 14082 | Lair:2   | Reached skill level 14 in Axes
 14187 | Lair:2   | Reached skill level 10 in Shields
 14500 | Lair:2   | Found a staircase to the Snake Pit.
 16073 | Lair:3   | Bought a +4 plate armour of poison resistance for 705 gold
                  | pieces
 16087 | Lair:4   | Noticed a catoblepas
 16098 | Lair:4   | Killed a catoblepas
 16105 | Lair:4   | Reached skill level 5 in Evocations
 16256 | Lair:4   | Reached XP level 13. HP: 116/116 MP: 15/15
 16515 | Lair:4   | Noticed Nergalle
 16525 | Lair:4   | Killed Nergalle
 16882 | Lair:4   | Found a staircase to the Swamp.
 17219 | Lair:5   | Reached skill level 10 in Dodging
 17404 | Lair:5   | Reached skill level 15 in Axes
 18096 | Snake:1  | Entered Level 1 of the Snake Pit
 18400 | Snake:1  | HP: 5/117 [naga ritualist/lance of force (9)]
 18401 | Snake:1  | HP: 2/117 [poisoned by a black mamba]
 18405 | Snake:1  | Slain by an anaconda

Levels and vault maps discovered:
D:1:      tarquinn_simple_flora_water_f, layout_basic, serial_forest,
          infiniplex_forest_end_double, infiniplex_forest_clump_diagonal,
          infiniplex_forest_clump_small, infiniplex_forest_clump_diagonal,
          infiniplex_forest_clump_large, st_stairs_12
D:2:      layout_rooms, grunt_qazlal_clouds, old_standard_altar, serial_curves,
          eino_curves_02, eino_curves_02
D:3:      layout_basic, minmay_door_square
D:4:      layout_loops_ring, yredelemnul_altar_generic, uniq_blork_the_orc
D:5:      layout_basic, zin_treasury, minmay_temple_entry_glassed_door,
          first_ration
D:6:      layout_basic, elyvilon_altar_4, uniq_prince_ribbit1
D:7:      layout_layer_cave, serial_shops, shop, kennysheep_little_box, shop
D:8:      layout_cave_pools, serial_shops, shop
D:9:      layout_basic, kennysheep_mini, serial_shops, shop_coins,
          minmay_orc_keep
D:10:     layout_irregular_city, erik_lair_orcish_takeover, chequers_jeans
D:11:     layout_roguey, david_orc_5, serial_shops, nicolae_shop_trees,
          blue_anna_alchemist [blue_anna_fruit_fields, blue_anna_fruit_fields],
          roderic_filled_cross
D:12:     layout_basic, basic_altar, portal_ice_cave_rime,
          kennysheep_generic_room_5, uniq_gastronok
Temple:   regret_index_temple_mists
Lair:1:   minmay_guarded_unrand_snakebite, layout_small_grid,
          grunt_megastairs_5, serial_bayou_shore_b, uniq_grum
Lair:2:   layout_regular_city, dummy_snake_entry, serial_bayou_shore_a,
          serial_bayou_shore_b
Lair:3:   layout_cave_pods, nicolae_lair_grove_arrangements, lemuel_fruit_tree
Lair:4:   layout_hall_layers, minmay_swamp_entry_swarm, minivault_19,
          minivault_19, infiniplex_staircase_pool_2, uniq_nergalle
Lair:5:   layout_hall_layers
Snake:1:  layout_cave_shapes, drop_trap

Skill      XL: |  1  2  3  4  5  6  7  8  9 10 11 12 13 |
---------------+----------------------------------------+-----
Axes           | 3 4 5 6 8 10 11 13 14 15 | 15.4
Dodging        | 1 2 3 5 6 7 8 9 10 | 10.4
Armour         | 4 5 6 8 9 10 11 | 11.8
Fighting       | 4 5 6 7 9 10 11 | 11.8
Shields        | 4 5 6 7 9 10 11 | 11.1
Evocations     | 3 5 6 |  6.0

Action                   |  1- 3 |  4- 6 |  7- 9 | 10-12 | 13-15 || total
-------------------------+-------+-------+-------+-------+-------++-------
Melee: War axe           |    92 |   100 |   183 |       |       ||   375
       Headbutt          |    11 |    19 |    41 |    84 |    24 ||   179
       Bite              |       |       |    18 |    64 |    20 ||   102
       Battleaxe         |       |       |    54 |   285 |       ||   339
       Broad axe         |       |       |       |   220 |   124 ||   344
Invok: Call Merchant     |       |       |       |     2 |       ||     2
       Potion Petition   |       |       |       |       |     2 ||     2
 Abil: Evoke Invisibilit |       |       |       |       |     1 ||     1
Evoke: Wand              |       |       |       |       |     3 ||     3
  Use: Scroll            |       |       |    19 |    12 |       ||    31
       Potion            |       |       |     1 |     2 |     6 ||     9
 Stab: Distracted        |       |       |       |     2 |       ||     2
       Petrifying        |       |       |       |     1 |       ||     1
       Invisible         |       |       |       |       |     1 ||     1
  Eat: Chunk             |       |     6 |       |       |       ||     6
       Ration            |       |     2 |     5 |     8 |     2 ||    17
Armor: Scale mail        |    38 |    23 |    46 |       |       ||   107
       Plate armour      |       |       |    63 |   252 |    68 ||   383
Dodge: Dodged            |    33 |    36 |    85 |   256 |    69 ||   479
       Deflected         |       |     3 |       |       |       ||     3
Block: Shield            |    57 |    58 |    91 |   102 |     7 ||   315
       Large shield      |       |       |       |       |   135 ||   135

Table legend:
 A = Non-vault XP
 B = Vault XP
 C = Vault XP percentage of total XP
 D = Non-vault monster count
 E = Vault monster count
 F = Vault count percentage of total count
                 A         B        C        D         E       F
            +---------+---------+-------+---------+---------+-------
      Total |   43566 |   12001 |  21.6 |     326 |      90 |  21.6
            +---------+---------+-------+---------+---------+-------
        D:1 |      60 |       4 |   6.2 |      31 |       2 |   6.1
        D:2 |      87 |       0 |   0.0 |      30 |       0 |   0.0
        D:3 |      42 |       0 |   0.0 |      13 |       0 |   0.0
        D:4 |     387 |      94 |  19.5 |      11 |       1 |   8.3
        D:5 |     443 |       0 |   0.0 |      14 |       0 |   0.0
        D:6 |     156 |     286 |  64.7 |       4 |       1 |  20.0
        D:7 |     258 |       0 |   0.0 |       5 |       0 |   0.0
        D:8 |    1552 |       0 |   0.0 |      20 |       0 |   0.0
        D:9 |     713 |     436 |  37.9 |      15 |      10 |  40.0
       D:10 |    2920 |     453 |  13.4 |      18 |       7 |  28.0
       D:11 |    5824 |     795 |  12.0 |      52 |      24 |  31.6
       D:12 |    5246 |    4265 |  44.8 |      23 |       6 |  20.7
     Lair:1 |     921 |    3887 |  80.8 |       6 |      23 |  79.3
     Lair:2 |    2689 |       0 |   0.0 |      12 |       0 |   0.0
     Lair:3 |    4160 |       0 |   0.0 |      21 |       0 |   0.0
     Lair:4 |    5090 |    1695 |  25.0 |      16 |       6 |  27.3
     Lair:5 |    5374 |       0 |   0.0 |      23 |       0 |   0.0
    Snake:1 |    7644 |       0 |   0.0 |      12 |       0 |   0.0
      IceCv |       0 |      86 | 100.0 |       0 |      10 | 100.0
            +---------+---------+-------+---------+---------+-------
